 Dungeon Crawl Stone Soup version 0.20.1-1-g8b1a95d (webtiles) character file.

212 ANON1729 the Gusty (level 5, -5/31 HPs)
             Began as an Octopode Air Elementalist on Aug 6, 2017.
             Slain by a gnoll
             ... wielding a +0 spear
              (10 damage)
             ... on level 4 of the Dungeon.
             The game lasted 00:11:05 (4029 turns).

ANON1729 the Gusty (Octopode Air Elementalist)      Turns: 4029, Time: 00:11:06

Health: -5/31      AC:  1    Str:  7    XL:     5   Next: 89%
Magic:  2/10       EV: 13    Int: 21    God:
Gold:   149        SH:  0    Dex: 13    Spells: 5/11 levels left

rFire    . . .     SeeInvis .   (no weapon)
rCold    . . .     Gourm    .   (no shield)
rNeg     . . .     Faith    .   (helmet restricted)
rPois    .         Spirit   .   (no amulet)
rElec    .         Reflect  .   f - +3 ring of intelligence
rCorr    .         Harm     .   (no ring)
MR       .....                  (no ring)
Stlth    +++.......             (no ring)
Regen    0.1/turn               (no ring)
MPRegen  0.2/turn               (no ring)
                                (no ring)
                                (no ring)

@: no status effects
A: almost no armour, stealthy swim, amphibious, 8 rings, constrict 8, camouflage
1, gelatinous body 1
a: no special abilities


You were on level 4 of the Dungeon.
You were near starving.

You visited 1 branch of the dungeon, and saw 4 of its levels.

You collected 149 gold pieces.

Inventory:

Jewellery
 f - a +3 ring of intelligence (left tentacle)
Scrolls
 c - 3 scrolls of identify {unknown}
 d - 3 scrolls of teleportation {unknown}
 e - a scroll of enchant weapon {unknown}
 i - a scroll of noise {unknown}
 j - 3 scrolls of remove curse {unknown}
 m - a scroll of fear {unknown}
Potions
 g - 2 potions of degeneration {unknown}
 h - a potion of heal wounds {unknown}
 l - a potion of agility {unknown}
Books
 a - a book of Air

   Spells                             Type                      Level
   a - Shock                          Conjuration/Air              1
   b - Swiftness                      Charms/Air                   2
   c - Static Discharge               Conjuration/Air              3
   d - Airstrike                      Air                          4
   e - Lightning Bolt                 Conjuration/Air              5
Comestibles
 b - 2 bread rations


   Skills:
 - Level 2.2 Dodging
 - Level 3.0 Stealth
 - Level 0.2 Unarmed Combat
 + Level 3.5 Spellcasting
 + Level 2.8 Conjurations
 + Level 4.3 Air Magic


You had 5 spell levels left.
You knew the following spells:

 Your Spells              Type           Power        Failure   Level  Hunger
a - Shock                 Conj/Air       ###.         3%          1    None
b - Swiftness             Chrm/Air       ##......     8%          2    ##.....
c - Static Discharge      Conj/Air       ###.....     9%          3    ###....


Dungeon Overview and Level Annotations

Branches:
Dungeon (4/15)
 Temple: D:4-7

Altars:

Annotations:
D:4 vlindergert's ghost, amateur HOFi


Innate Abilities, Weirdness & Mutations

You cannot wear most types of armour.
You are very stealthy in the water. (Stealth+)
You are amphibious.
You can wear up to eight rings at the same time.
You can use your tentacles to constrict eight enemies at once.
Your skin changes colour to match your surroundings (Stealth+).
Your rubbery body absorbs attacks. (AC +1, EV +1)


Message History

Casting: Shock
Confirm with . or Enter, or press ? or * to list all spells.
Aiming: Shock
Press: ? - help, Shift-Dir - straight line The zap misses the worker ant. x2; The gnoll barely misses you.
The gnoll hits you from afar with a spear.
* * * LOW HITPOINT WARNING * * *
The gnoll completely misses you. The worker ant bites you.
* * * LOW HITPOINT WARNING * * *
Casting: Shock
Confirm with . or Enter, or press ? or * to list all spells.
Aiming: Shock
Press: ? - help, Shift-Dir - straight line The zap hits the worker ant.
The worker ant is almost dead.
The zap hits the worker ant.
The worker ant appears unharmed.
The worker ant is almost dead.
The gnoll closely misses you.
The gnoll hits you from afar with a spear!
You die...

........##....#
.......)...#
......†<#
#####)#.# #.#.#
#.#.# #g#.#
#g#a# #g@.#
#####


You could see a worker ant and 3 gnolls.

Vanquished Creatures
  A bullfrog skeleton (D:4)
  A centaur skeleton (D:4)
  A hound skeleton (D:4)
  A gnoll (D:4)
  4 adders
  2 oozes
  A worm (D:3)
  4 dart slugs
  7 orcs
  3 bats (D:1)
  5 giant cockroaches
  12 goblins
  7 hobgoblins
  4 jackals (D:2)
  A quokka (D:2)
  3 ball pythons
  5 frilled lizards
  6 kobolds
  4 rats
72 creatures vanquished.

Notes
Turn   | Place    | Note
-------+----------+-------------------------------------------
     0 | D:1      | ANON1729 the Octopode Air Elementalist began the quest for the Orb.
     0 | D:1      | Reached XP level 1. HP: 11/11 MP: 3/3
   503 | D:1      | Reached XP level 2. HP: 17/17 MP: 3/5
   812 | D:1      | Reached XP level 3. HP: 13/21 MP: 0/6
  1201 | D:1      | Learned a level 2 spell: Swiftness
  1205 | D:1      | Learned a level 3 spell: Static Discharge
  1613 | D:2      | Reached XP level 4. HP: 27/27 MP: 3/7
  3261 | D:4      | Reached skill level 4 in Air Magic
  3261 | D:4      | Reached XP level 5. HP: 25/31 MP: 2/9
  3604 | D:4      | Noticed vlindergert's ghost (amateur HOFi)
  4029 | D:4      | Slain by a gnoll

Skill      XL: |  1  2  3  4 |
---------------+-------------+-----
Stealth        | 3 |  3.0
Conjurations   | 2 |  2.8
Spellcasting   | 3 |  3.5
Air Magic      | 4 |  4.3
Dodging        | |  2.2
Unarmed Combat | |  0.2

Action                   |  1- 3 |  4- 6 || total
-------------------------+-------+-------++-------
Melee: Unarmed           |    23 |    49 ||    72
       Constrict         |     9 |    14 ||    23
       Tentacles         |     6 |     9 ||    15
 Cast: Shock             |    33 |    75 ||   108
 Stab: Sleeping          |     1 |     5 ||     6
  Eat: Chunk             |     2 |     6 ||     8
Armor: Skin              |     3 |     7 ||    10
Dodge: Dodged            |    29 |    53 ||    82
